 Dungeon Crawl Stone Soup version 0.29-a0-495-g17b79114eb (webtiles) character file.

Game seed: 13976900464378370665

640 thiole the Magician (level 7, -1/41 HPs)
             Began as an Octopode Hedge Wizard on May 27, 2022.
             Slain by a gnoll sergeant
             ... wielding a +0 trident
              (2 damage)
             ... on level 4 of the Dungeon.
             The game lasted 00:12:28 (5971 turns).

thiole the Magician (Octopode Hedge Wizard)         Turns: 5971, Time: 00:12:28

Health: -1/41      AC:  1    Str:  9    XL:     7   Next: 51%
Magic:  14/17      EV: 13    Int: 21    God:
Gold:   201        SH:  0    Dex: 15    Spells: 19/20 levels left

rFire   . . .      SeeInvis .   s - +10 dagger "Unir" {freeze, Will+ Int+2 Dex+4}
rCold   . . .      Faith    .   (no shield)
rNeg    . . .      Spirit   .   b - +0 hat
rPois   .          Reflect  .   (no amulet)
rElec   .          Harm     .   t - ring of resist corrosion
rCorr   +          Rampage  .   (no ring)
Will    +....                   (no ring)
Stlth   ++++......              (no ring)
HPRegen 0.13/turn               (no ring)
MPRegen 0.15/turn               (no ring)
                                (no ring)
                                (no ring)

@: brilliant, about to teleport
A: almost no armour, amphibious, 8 rings, camouflage 1, gelatinous body 1,
(nimble swimmer 1), tentacles
a: no special abilities


You were on level 4 of the Dungeon.
You visited 1 branch of the dungeon, and saw 6 of its levels.

You collected 201 gold pieces.

Inventory:

Hand Weapons
 a - a +0 dagger
 s - the +10 dagger "Unir" (weapon) {freeze, Will+ Int+2 Dex+4}
   (You found it on level 3 of the Dungeon)

   It freezes those it strikes, dealing additional cold damage.
   It can also slow down cold-blooded creatures.
   Int:       It affects your intelligence (+2).
   Dex:       It affects your dexterity (+4).
   Will:      It increases your willpower.
Missiles
 p - 3 curare-tipped darts
Armour
 b - a +0 hat (worn)
Magical Staves
 o - a staff of death
 v - a staff of cold
Jewellery
 r - a ring of fire
 t - a ring of resist corrosion (left tentacle)
 D - an amulet of the acrobat
Wands
 y - a wand of flame (25)
Scrolls
 e - 3 scrolls of teleportation
 i - 2 scrolls of amnesia {unknown}
 j - a scroll of noise {unknown}
 m - 3 scrolls of identify {unknown}
 n - 3 scrolls of enchant weapon {unknown}
 u - 2 scrolls of immolation {unknown}
 w - a scroll of fog {unknown}
 x - a scroll of enchant armour {unknown}
 A - a scroll of fear {unknown}
 C - a scroll of vulnerability {unknown}
 E - a scroll of summoning {unknown}
Potions
 c - a potion of magic
 d - 2 potions of curing
 f - 2 potions of brilliance
 g - a potion of attraction {unknown}
 h - a potion of invisibility {unknown}
 k - a potion of heal wounds {unknown}
 l - 2 potions of haste {unknown}
 q - 2 potions of flight {unknown}
 z - 2 potions of mutation {unknown}
 B - a potion of degeneration {unknown}


   Skills:
 - Level 2.0 Dodging
 - Level 5.0 Stealth
 * Level 7.2 Spellcasting
 - Level 1.0 Conjurations
 - Level 2.0 Summonings
 - Level 1.0 Translocations


You had 19 spell levels left.
You knew the following spells:

 Your Spells              Type           Power      Damage    Failure   Level
a - Magic Dart            Conj           68%        1d6       6%          1

Your spell library contained the following spells:

 Spells                   Type           Power      Damage    Failure   Level
 Call Imp                 Summ           23%        N/A       6%          2
 Slow                     Hex            44%        N/A       9%          1
 Blink                    Tloc           34%        N/A       9%          2
 Searing Ray              Conj           34%        2d5       9%          2
 Conjure Flame            Conj/Fire      14%        6-21      22%         3
 Mephitic Cloud           Conj/Pois/Air  13%        N/A       22%         3
 Inner Flame              Hex/Fire       11%        N/A       26%         3
 Fulminant Prism          Conj/Hex       7%         3d7       56%         4
 Cause Fear               Hex            5%         N/A       65%         4
 Discord                  Hex            5%         N/A       100%        8


Dungeon Overview and Level Annotations

Branches:
Dungeon (6/15)
 Temple: D:4-7

Altars:
Xom
The Shining One

Shops:
D:4 [


Innate Abilities, Weirdness & Mutations

You cannot wear most types of armour.
You are amphibious.
You can wear up to eight rings at the same time.
Your skin changes colour to match your surroundings (Stealth+).
Your rubbery body absorbs attacks. (AC +1, EV +1)
((You are camouflaged when in or above water. (Stealth+)))
You have tentacles for arms and can constrict up to eight enemies at once.


Message History

Confirm with . or Enter, or press ? or * to list all spells.
Aiming: Magic Dart (safe; 6% risk of failure)
Press: ? - help, Shift-Dir - straight line, f/p - gnoll sergeant
Aim: a gnoll sergeant, wielding a +0 trident and wearing a +0 ring mail (100% to hit)
The magic dart hits the gnoll sergeant but does no damage.
There is a stone staircase leading up here.
The gnoll sergeant hits you with a +0 trident!
There is a stone staircase leading up here.
The gnoll sergeant closely misses you.
You climb upwards.
There is a stone staircase leading down here.
You closely miss the gnoll sergeant. You grab the gnoll sergeant.
You squeeze the gnoll sergeant.
The gnoll sergeant is lightly wounded.
You constrict the gnoll sergeant, but do no damage.
The gnoll sergeant hits you with a +0 trident!
You hit the gnoll sergeant but do no damage.
The gnoll sergeant is lightly wounded.
You constrict the gnoll sergeant, but do no damage.
The gnoll sergeant barely misses you.
It was a potion of curing.
You feel better.
You constrict the gnoll sergeant, but do no damage.
The gnoll sergeant hits you with a +0 trident!
It was a potion of brilliance.
You feel clever all of a sudden.
You constrict the gnoll sergeant.
The gnoll sergeant hits you with a +0 trident!
* * * LOW HITPOINT WARNING * * *
As you read the scroll labelled ANYUPAJUFO, it crumbles to dust.
You feel strangely unstable.
It was a scroll of teleportation.
You constrict the gnoll sergeant, but do no damage.
The gnoll sergeant closely misses you.
You start putting on your amulet.
You continue putting on your amulet of the acrobat.
You constrict the gnoll sergeant, but do no damage.
The gnoll sergeant hits you with a +0 trident.
Keep equipping yourself? [Y]es or [N]o only, please.
Keep equipping yourself?
You die...

#.###.#########.#
######.#.............#####
#.......###########..#.... #####
#.####.......#.......#.###
....####.####...###.#.####.##.# #
...............[..#.#.# #.##.# #
###.####.####...#.#.#.####.##.# #
.##.#...........#g#...........# #
................@.###.####.######
.##.#.#............##.# #.##...#
.##.#.#....#####.#.##.####.##.#.#
.##.#.##....................#.#.#
..#.#......#####.....#####..#.#.#
..#.####..#..........#.# #..#.#.#
..#....................# #..#.#.#
..#########.###.#....#.###..#.#.#
..# #.........#.............#.#.#


You could see a gnoll sergeant.

Vanquished Creatures
  A black bear (D:5)
  2 scorpions
  4 hounds
  A gnoll shaman (D:5)
  2 iguanas (D:5)
  7 adders
  8 gnolls
  5 dart slugs
  4 orcs
  A bat (D:1)
  7 endoplasms
  4 giant cockroaches
  8 goblins
  8 hobgoblins
  7 kobolds
  5 quokkas
  10 ball pythons
  4 frilled lizards
  8 rats
96 creatures vanquished.

Vanquished Creatures (others)
  A plant (D:3)
1 creature vanquished.

Grand Total: 97 creatures vanquished

Notes
Turn   | Place    | Note
-------+----------+-------------------------------------------
     0 | D:1      | thiole the Octopode Hedge Wizard began the quest for the
                  | Orb.
     0 | D:1      | Reached XP level 1. HP: 11/11 MP: 4/4
   498 | D:1      | Reached XP level 2. HP: 17/17 MP: 6/6
  1602 | D:2      | Reached XP level 3. HP: 16/21 MP: 8/8
  2267 | D:2      | Reached XP level 4. HP: 27/27 MP: 9/9
  2588 | D:2      | Found a shimmering altar of Xom.
  2784 | D:2      | Reached skill level 4 in Spellcasting
  2940 | D:3      | Found a faded altar of an unknown god.
  2964 | D:3      | Identified the +10 dagger "Unir" {freeze, Will+ Int+2
                  | Dex+4}
  3074 | D:3      | Found a glowing golden altar of the Shining One.
  3336 | D:3      | Reached XP level 5. HP: 23/31 MP: 11/11
  3715 | D:4      | Found Zaicy's Armour Emporium.
  3924 | D:4      | Reached skill level 5 in Stealth
  3924 | D:4      | Reached skill level 5 in Spellcasting
  4030 | D:4      | Reached XP level 6. HP: 33/36 MP: 13/13
  4436 | D:5      | Entered Level 5 of the Dungeon
  4793 | D:5      | Reached skill level 6 in Spellcasting
  5321 | D:5      | Reached XP level 7. HP: 41/41 MP: 7/16
  5530 | D:5      | Reached skill level 7 in Spellcasting
  5969 | D:4      | HP: 1/41 [gnoll sergeant/+0 trident (14)]
  5971 | D:4      | Slain by a gnoll sergeant

Illustrated notes

Levels and vault maps discovered:
D:1:      lemuel_arrival_tunnels, layout_basic, serial_corexii_hall,
          chequers_hall_statues_corner_a, corexii_hall_statues_u,
          corexii_hall_statues_i
D:2:      layout_loops_ring, basic_altar, minmay_pentomino_s4
D:3:      cheibrodos_old_hovel, layout_loops_ring, tso_oasis_becter,
          hellmonk_ecumenical_altar_arch_garden
D:4:      layout_basic, serial_shops, nicolae_stop_n_shop_1,
          minmay_close_crescents
D:5:      layout_gridville
D:6:      layout_cave_pools, serial_shops, nicolae_shop_hallway_stairs,
          uniq_pikel

Skill      XL: |  1  2  3  4  5  6  7 |
---------------+----------------------+-----
Stealth        | 3 4 5 |  5.0
Summonings     | 2 |  2.0
Spellcasting   | 4 5 6 7 |  7.2
Dodging        | |  2.0
Conjurations   | |  1.0
Translocations | |  1.0

Action                   |  1- 3 |  4- 6 |  7- 9 || total
-------------------------+-------+-------+-------++-------
Melee: Dagger            |    62 |    82 |    11 ||   155
       Tentacles         |     4 |    18 |     2 ||    24
       Constrict         |    10 |    23 |     3 ||    36
       Staff             |       |    11 |       ||    11
       Punch             |       |     2 |       ||     2
 Cast: Magic Dart        |     4 |    41 |    23 ||    68
Evoke: Wand              |       |       |     8 ||     8
  Use: Potion            |       |       |     2 ||     2
       Scroll            |       |       |     1 ||     1
 Stab: Sleeping          |    10 |     7 |     1 ||    18
Armor: Skin              |     2 |     3 |       ||     5
Dodge: Dodged            |    35 |    40 |     7 ||    82

Table legend: (Time is in decaauts)
 A = Elapsed time spent in this place.
 B = Non-inter-level travel time spent in this place.
 C = Inter-level travel time spent in this place.
 D = Time resting spent in this place.
 E = Time spent auto-exploring this place.
 F = Levels seen in this place.
 G = Mean time per level.
                   A        B        C        D        E       F      G
               +--------+--------+--------+--------+--------+-----+--------+
         Total |   5973 |   5650 |    323 |    818 |   3920 |   6 |  995.5 |
       Dungeon |   5973 |   5650 |    323 |    818 |   3920 |   6 |  995.5 |
               +--------+--------+--------+--------+--------+-----+--------+

Top non-repeatable levels by time:
     D:1: 1484 daAuts
     D:2: 1416 daAuts
     D:5: 1268 daAuts
     D:4: 1080 daAuts
     D:3: 718 daAuts
     D:6: 6 daAuts
